 Dungeon Crawl Stone Soup version 0.31.0-12-g77e489cdc1 (webtiles) character file.

Game seed: 18432738256598680209

135 ChadusMaximus the Caller (level 5, -4/39 HPs)
             Began as a Barachi Summoner on Mar 6, 2024.
             Succumbed to a kobold brigand's curare-tipped dart
             ... in a sewer.
             The game lasted 00:03:36 (1471 turns).

ChadusMaximus the Caller (Barachi Summoner)         Turns: 1471, Time: 00:03:37

Health: -4/39      AC:  4    Str:  9    XL:     5   Next: 18%
Magic:  1/9        EV: 12    Int: 17    God:
Gold:   90         SH:  0    Dex: 11    Spells: 4/10 levels left

rFire   . . .        c - +0 dagger (venom)
rCold   . . .        (no shield)
rNeg    . . .        a - +0 robe
rPois   +            (no helmet)
rElec   .            (no cloak)
rCorr   .            (no gloves)
SInv    .            (no boots)
Will    .....        (no amulet)
Stlth   ++           (no ring)
HPRegen 0.26/turn    (no ring)
MPRegen 0.11/turn

%: no passive effects
@: lethally poisoned (-4 -> -23), slowed, very slow
A: amphibious, slowness 1, strong legs 1, +LOS, iridescent scales 1, clumsy 1,
poison resistance
a: Hop


You were in a sewer.
You visited 1 branch of the dungeon, and saw 3 of its levels.
You also visited: Sewer.

You collected 90 gold pieces.

Inventory:

Hand Weapons
 c - a +0 dagger of venom (weapon)
Armour
 a - a +0 robe (worn)
Jewellery
 f - a +5 ring of evasion
Scrolls
 d - 3 scrolls of revelation {unknown}
 e - 3 scrolls of identify {unknown}
 h - a scroll of blinking {unknown}
 i - a scroll of fear {unknown}
Potions
 b - a potion of magic
 j - a potion of might {unknown}


   Skills:
 + Level 2.5 Fighting
 - Level 2.1 Dodging
 - Level 1.7 Stealth
 + Level 3.2 Spellcasting
 * Level 6.4 Summonings


You had 4 spell levels left.
You knew the following spells:

 Your Spells              Type           Power      Damage    Failure   Level
a - Summon Small Mammal   Summ           96%        N/A       1%          1
b - Call Canine Familiar  Summ           24%        N/A       3%          3
c - Call Imp              Summ           48%        N/A       1%          2

Your spell library contained the following spells:

 Spells                   Type           Power      Damage    Failure   Level
 Summon Blazeheart Golem  Fire/Summ      13%        N/A       41%         4
 Summon Lightning Spire   Summ/Air       13%        N/A       41%         4
 Tukima's Dance           Hex            2%         N/A       45%         3
 Dimensional Bullseye     Hex/Tloc       1%         N/A       86%         4
 Iskenderun's Mystic Bla  Conj/Tloc      2%         2d3       86%         4


Dungeon Overview and Level Annotations

Branches:
Dungeon (3/15)              Sewer (1/1)

Altars:
Ashenzari


Innate Abilities, Weirdness & Mutations

You are amphibious.
You cover ground slowly.
You can hop short distances.
You have an extended range of vision and can be seen from far away.
You are partially covered in iridescent scales. (AC +2)
You are clumsy. (Dex -2)
Your system is resistant to poisons. (rPois)


Message History

Attack!
Casting: Call Imp (safe; 1% risk of failure)
Confirm with . or Enter, or press ? or * to list all spells.
Nothing appears to happen.
Your familiar recovers from its injuries.
The kobold brigand throws a curare-tipped dart.
The curare-tipped dart hits your cerulean imp.
Casting: Summon Small Mammal (safe; 1% risk of failure)
Confirm with . or Enter, or press ? or * to list all spells.
Nothing appears to happen.
Your cerulean imp barely misses the kobold brigand.
Unknown command.
Your cerulean imp hits the kobold brigand from afar with a -2 spear.
The kobold brigand throws a curare-tipped dart.
The curare-tipped dart closely misses your cerulean imp.
Your cerulean imp closely misses the kobold brigand.
Your cerulean imp hits the kobold brigand with a -2 spear.
Your cerulean imp hits the kobold brigand but does no damage.
The kobold brigand misses your cerulean imp.
Your cerulean imp barely misses the kobold brigand.
The kobold brigand hits your cerulean imp with a +0 short sword.
Your cerulean imp barely misses the kobold brigand.
The kobold brigand hits your cerulean imp with a +0 short sword.
Your cerulean imp barely misses the kobold brigand.
The kobold brigand splashes around in the water.
You are ready to hop once more.
Your cerulean imp hits the kobold brigand but does no damage.
The kobold brigand hits your cerulean imp with a +0 short sword.
Your cerulean imp disappears in a puff of smoke!
Casting: Summon Small Mammal (safe; 1% risk of failure)
Confirm with . or Enter, or press ? or * to list all spells.
A tiny devil pulls itself out of the air.
The kobold brigand throws a curare-tipped dart.
The curare-tipped dart misses your cerulean imp.
The curare-tipped dart hits you.
You are lethally poisoned!
You have difficulty breathing.
* * * LOW HITPOINT WARNING * * *
You feel yourself slow down.
You die...

### ##### #∩#
.~..###.###
.~~.......######
~~~~~~~~~~~~≈≈≈###
≈≈≈≈≈≈≈≈≈≈≈≈≈≈≈≈@#
K~~~~~≈~~~K≈≈≈5≈##
~~~~~.....#######
..~~####### ##~##
#~# #~# #~# #~#


You could see a kobold brigand (ally target) and a friendly cerulean imp
(summoned).

Vanquished Creatures
  A river rat (Sewer)
  2 dart slugs
  2 bats
  2 endoplasms
  4 giant cockroaches
  A goblin (D:1)
  2 hobgoblins (D:1)
  A jackal (Sewer)
  4 quokkas
  2 ball pythons (D:1)
  6 rats
27 creatures vanquished.

Vanquished Creatures (collateral kills)
  A scorpion (D:3)
  An adder (D:3)
  A river rat (Sewer)
  2 dart slugs (D:3)
  A ball python (D:1)
  A bat (D:3)
  A jackal (Sewer)
  3 goblins (D:3)
  4 kobolds (Sewer)
  2 rats
17 creatures vanquished.

Grand Total: 44 creatures vanquished

Notes
Turn   | Place    | Note
-------+----------+-------------------------------------------
     0 | D:1      | ChadusMaximus the Barachi Summoner began the quest for the
                  | Orb.
     0 | D:1      | Reached XP level 1. HP: 13/13 MP: 3/3
   151 | D:1      | Reached skill level 5 in Summonings
   303 | D:1      | Reached XP level 2. HP: 20/20 MP: 5/5
   575 | D:1      | Reached skill level 1 in Fighting
   969 | D:3      | Found a broken altar of Ashenzari.
   974 | D:3      | Saw a vision of the Shoals and the Snake Pit.
   974 | D:3      | Noticed a naga
   974 | D:3      | Noticed a black mamba
   974 | D:3      | Noticed a salamander
   974 | D:3      | Noticed a snapping turtle
   974 | D:3      | Noticed a merfolk
   974 | D:3      | Noticed a merfolk siren
   974 | D:3      | Noticed a merfolk impaler
   974 | D:3      | Noticed a merfolk siren
   974 | D:3      | Noticed a water elemental
   974 | D:3      | Noticed a sea snake
   974 | D:3      | Noticed a manticore
   982 | D:3      | Noticed a scorpion
  1004 | D:3      | Killed a scorpion
  1005 | D:3      | Reached XP level 3. HP: 8/27 MP: 5/7
  1005 | D:3      | Reached XP level 4. HP: 9/33 MP: 5/8
  1017 | D:3      | Learned a level 3 spell: Call Canine Familiar
  1020 | D:3      | Learned a level 2 spell: Call Imp
  1050 | D:3      | Reached skill level 6 in Summonings
  1268 | D:3      | Found a glowing drain.
  1289 | Sewer    | Entered a sewer
  1311 | Sewer    | Reached XP level 5. HP: 34/39 MP: 3/9
  1419 | Sewer    | Noticed a kobold brigand
  1424 | Sewer    | Noticed a kobold brigand
  1439 | Sewer    | Gained mutation: You are clumsy. (Dex -2) [potion of
                  | mutation]
  1439 | Sewer    | Gained mutation: Your system is resistant to poisons.
                  | (rPois) [potion of mutation]
  1439 | Sewer    | Gained mutation: You are partially covered in iridescent
                  | scales. (AC +2) [potion of mutation]
  1471 | Sewer    | Succumbed to a kobold brigand's curare-tipped dart

Illustrated notes

Levels and vault maps discovered:
D:1:      minmay_arrival_semitransparent, layout_basic
D:2:      layout_loops_ring, basic_altar, minmay_increasing_density, uniq_robin
D:3:      layout_loops_ring, nemelex_diamond_rough_becter,
          grunt_ashenzari_visionary [grunt_ashenzari_visionary_shoals,
          grunt_ashenzari_visionary_snake], gup_sewer_entry_pipe, st_stairs_11
Sewer:    sewer_kobolds

Skill      XL: |  1  2  3  4 |
---------------+-------------+-----
Summonings     | 5 6 |  6.4
Fighting       | 2 |  2.5
Spellcasting   | 3 |  3.2
Dodging        | |  2.1
Stealth        | |  1.7

Action                     |  1- 3 |  4- 6 || total
---------------------------+-------+-------++-------
  Melee: Dagger            |    47 |    50 ||    97
         Unarmed           |     5 |       ||     5
   Cast: Summon Small Mamm |     4 |    12 ||    16
         Call Canine Famil |       |     4 ||     4
         Call Imp          |       |     5 ||     5
Ability: Hop               |     1 |     1 ||     2
    Use: Potion            |       |     2 ||     2
   Stab: Sleeping          |       |     2 ||     2
 Armour: Robe              |    28 |    28 ||    56
  Dodge: Dodged            |    37 |    48 ||    85
